Ducks vs Avalanche

Created - 23 octobre 2019 at 19:10

Goals
1 2 3 T
Ducks 2 1 3 6
Avalanche 1 1 1 3
Shots
1 2 3 T
Ducks 9 8 12 29
Avalanche 15 11 11 37

1st period

1. Avalanche , Mark Jankowski 2 (Eric Fehr 1, Aleksander Barkov 6) at 6:52
2. Ducks , Elias Lindholm 2 (Jordan Staal 4, David Perron 2) at 7:42
3. Ducks , Elias Lindholm 3 (Tom Wilson 3, Phillip Danault 6) at 10:29 (PP)

Penalties :
Cedric Paquette (COL) for Roughing (Minor) at 3:51, Nikita Kucherov (COL) for Hooking (Minor) at 9:26, Henrik Lundqvist (COL) for Slashing (Minor) at 18:52 - Mark Stone served the penalty

2nd period

4. Ducks , Elias Lindholm 4 (Alexander Edler 2, Jordan Staal 5) at 1:16
5. Avalanche , Mark Jankowski 3 (Anthony Duclair 4) at 6:10

Penalties :
Scott Mayfield (ANA) for Hooking (Minor) at 7:26, Mattias Ekholm (COL) for Holding (Minor) at 19:57

3rd period

6. Ducks , Trevor Lewis 2 (Mike Green 3, Alexander Edler 3) at 8:43
7. Ducks , Nick Leddy 1 (Elias Lindholm 3) at 11:03 (PP)
8. Avalanche , Aleksander Barkov 2 (Mattias Ekholm 2) at 13:45
9. Ducks , Riley Nash 1 (Jean-Gabriel Pageau 1, Tom Wilson 4) at 14:41

Penalties :
Jaccob Slavin (COL) for Goalie Interference (Minor) at 9:11

Goalie Stats

Jacob Markstrom (ANA), 34 saves from 37 shots - (0,919), W, 3-4-1, 60:00 minutes
Henrik Lundqvist (COL), 23 saves from 29 shots - (0,793), L, 3-3-1, 60:00 minutes

Players Stats for Ducks

Player Name              G  A  P  +/- PIM S  H  SB GA TA FO     MP     PP MP  PK MP  
------------------------------------------------------------------------------------
Alexander Edler          0  2  2   0  0   1  2  5  0  1  0/0    25:09   6:36   1:24 
Andrew Poturalski        0  0  0   1  0   2  0  0  1  0  1/4     8:22   0:00   0:26 
Craig Smith              0  0  0   0  0   1  0  0  0  1  0/0    18:21   3:23   0:00 
David Perron             0  1  1   0  0   3  4  1  0  1  0/0    22:14   5:23   0:34 
Deryk Engelland          0  0  0   0  0   0  0  3  0  4  0/0    19:52   2:16   0:35 
Elias Lindholm           3  1  4   0  0   7  3  0  2  0  0/3    22:20   5:26   0:37 
Jack Johnson             0  0  0   0  0   0  1  2  1  0  0/0    25:09   6:36   1:24 
Jean-Gabriel Pageau      0  1  1   0  0   1  2  1  0  0  0/2    10:57   0:00   0:59 
Jordan Nolan             0  0  0   1  0   1  0  0  1  0  0/0     7:56   0:00   0:00 
Jordan Staal             0  2  2   0  0   0  1  0  0  0  19/40  21:43   5:26   0:00 
Mike Green               0  1  1   1  0   3  0  1  2  1  0/0    14:59   0:00   0:00 
Milan Lucic              0  0  0   0  0   0  2  0  0  0  0/0     9:50   0:03   0:00 
Nick Leddy               1  0  1   0  0   2  0  0  0  1  0/0    19:52   2:16   0:35 
Phillip Danault          0  1  1   0  0   1  3  0  1  0  9/13   18:21   3:23   0:00 
Riley Nash               1  0  1   0  0   1  1  0  0  0  0/0    10:19   0:06   0:26 
Scott Mayfield           0  0  0   1  2   0  1  0  0  0  0/0    15:09   0:00   0:00 
Tom Wilson               0  2  2   0  0   3  5  2  0  0  0/0    18:21   3:23   0:00 
Trevor Lewis             1  0  1   1  0   3  1  0  0  0  1/2     9:06   0:03   0:56 

Players Stats for Avalanche

Player Name              G  A  P  +/- PIM S  H  SB GA TA FO     MP     PP MP  PK MP  
------------------------------------------------------------------------------------
Aleksander Barkov        1  1  2  -1  0   3  1  2  0  0  12/20  17:00   1:03   1:34 
Anthony Duclair          0  1  1  -1  0   2  0  0  2  0  1/1    13:14   0:01   1:20 
Braydon Coburn           0  0  0  -3  0   2  1  1  0  2  0/0    22:55   0:00   3:55 
Calvin de Haan           0  0  0   2  0   0  2  2  0  0  0/0    16:50   0:39   1:36 
Cedric Paquette          0  0  0  -2  2   1  0  0  1  0  8/17   16:05   0:01   3:56 
Eric Fehr                0  1  1   2  0   0  0  1  1  0  1/1    11:28   0:00   3:03 
Jaccob Slavin            0  0  0  -3  2   4  2  1  0  0  0/0    23:58   0:39   3:09 
Johnny Gaudreau          0  0  0  -1  0   3  0  0  0  0  0/0    15:17   1:02   0:00 
Jujhar Khaira            0  0  0   2  0   0  2  0  1  1  0/0    11:04   0:00   2:39 
Mark Giordano            0  0  0   1  0   3  1  1  1  1  0/0    25:57   1:20   5:12 
Mark Jankowski           2  0  2   1  0   3  0  1  1  2  4/6    13:43   0:00   4:53 
Mark Stone               0  0  0  -1  0   4  1  0  1  0  0/1    15:41   0:56   0:00 
Mattias Ekholm           0  1  1   0  2   1  0  1  0  1  0/0    23:24   1:20   3:52 
Nikita Kucherov          0  0  0  -1  2   1  1  0  0  0  0/0    15:16   1:02   0:00 
Pavel Buchnevich         0  0  0  -1  0   1  0  0  0  0  0/2    15:26   0:56   0:00 
Robert Bortuzzo          0  0  0   2  0   0  0  0  0  0  0/0     6:35   0:00   0:00 
Sean Couturier           0  0  0   0  0   9  1  0  1  1  8/15   15:36   0:56   0:19 
Zack Kassian             0  0  0  -1  0   0  3  3  0  0  0/1    11:35   0:00   0:00 

3 Stars

1 - Elias Lindholm (ANA)
2 - Tom Wilson (ANA)
3 - Mark Jankowski (COL)

Power Play

Ducks - 2 on 5 Attempt(s) - 40,00%
Avalanche - 0 on 1 Attempt(s) - 0,00%

Penalty Kill

Ducks - 1 on 1 Attempt(s) - 100,00% - Score 0 goal in Penalty Kill
Avalanche - 3 on 5 Attempt(s) - 60,00% - Score 0 goal in Penalty Kill

Team Stat

Ducks - Hits : 26 - Faceoff Wins : 30 - Blocked Shots : 15 - Penalty Minutes : 2
Avalanche - Hits : 15 - Faceoff Wins : 34 - Blocked Shots : 13 - Penalty Minutes : 10

Official

Referees : Kevin Pollock and Dennis LaRue
Linesman : Ryan Galloway and Kiel Murchison

Game Notes

Elias Lindholm has scored a Hat Trick!
Robert Bortuzzo is injured at 12:45 of 2nd period (Herniated Disc)
14:41 of 3rd period - Ducks goal is going for a video replay. After video review, Goal.

Finance

Level 1 -- Attendance: 4422 (73,70%) -- Ticket Income 442 200 $
Level 2 -- Attendance: 3307 (66,14%) -- Ticket Income 231 490 $
Level 3 -- Attendance: 1230 (61,50%) -- Ticket Income 57 810 $
Level 4 -- Attendance: 2266 (56,65%) -- Ticket Income 79 310 $
Luxury Box -- Attendance: 1000 (100,00%) -- Ticket Income 160 000 $
Game was played at the Pepsi Center.
Total Attendance: 12225 (67,92%)
Total Ticket Income: 970 810 $
Other Income: 475 697 $
Total Income: 1 446 507 $

Ducks

5 vs 5 Forward 
   Center                   Left Wing                Right Wing               Time % Phy DF OF 
 1 Jordan Staal             David Perron             Elias Lindholm           40     1   2  2  
 2 Phillip Danault          Craig Smith              Tom Wilson               30     1   2  2  
 3 Jean-Gabriel Pageau      Milan Lucic              Riley Nash               20     1   2  2  
 4 Andrew Poturalski        Jordan Nolan             Trevor Lewis             10     1   2  2  

5 vs 5 Defense 
   Defense                  Defense                                           Time % Phy DF OF 
 1 Alexander Edler          Jack Johnson                                      35     1   2  2  
 2 Deryk Engelland          Nick Leddy                                        35     1   2  2  
 3 Mike Green               Scott Mayfield                                    30     1   2  2  
 4 Alexander Edler          Jack Johnson                                      0      1   2  2  

PowerPlay Forward 
   Center                   Left Wing                Right Wing               Time % Phy DF OF 
 1 Jordan Staal             David Perron             Elias Lindholm           60     1   2  2  
 2 Phillip Danault          Craig Smith              Tom Wilson               40     1   2  2  

PowerPlay Defense
   Defense                  Defense                                           Time % Phy DF OF 
 1 Alexander Edler          Jack Johnson                                      60     1   2  2  
 2 Deryk Engelland          Nick Leddy                                        40     1   2  2  

Penalty Kill 4 Players Forward 
   Center                   Wing                     Time % Phy DF OF 
 1 Trevor Lewis             Jean-Gabriel Pageau      60     1   2  2  
 2 Andrew Poturalski        Riley Nash               40     1   2  2  

Penalty Kill 4 Players Defense
   Defense                  Defense                  Time % Phy DF OF 
 1 Alexander Edler          Jack Johnson             60     1   2  2  
 2 Deryk Engelland          Nick Leddy               40     1   2  2  

Penalty Kill - 3 Players Forward 
   Forward                                           Time % Phy DF OF 
 1 Jean-Gabriel Pageau                               60     1   2  2  
 2 Jordan Nolan                                      40     1   2  2  

Penalty Kill - 3 Players Defense
   Defense                  Defense                  Time % Phy DF OF 
 1 Alexander Edler          Jack Johnson             60     1   2  2  
 2 Deryk Engelland          Nick Leddy               40     1   2  2  

4 vs 4 Forward 
   Center                   Wing                     Time % Phy DF OF 
 1 Elias Lindholm           David Perron             60     1   2  2  
 2 Phillip Danault          Craig Smith              40     1   2  2  

4 vs 4 Defense
   Defense                  Defense                  Time % Phy DF OF 
 1 Alexander Edler          Jack Johnson             60     1   2  2  
 2 Deryk Engelland          Nick Leddy               40     1   2  2  

Last Minutes Offensive
   Center                   Left Wing                Right Wing               Defense                  Defense                  
   Elias Lindholm           David Perron             Phillip Danault          Alexander Edler          Jack Johnson             

Last Minutes Defensive
   Center                   Left Wing                Right Wing               Defense                  Defense                  
   Elias Lindholm           David Perron             Phillip Danault          Alexander Edler          Jack Johnson             

Goaltenders
Starting : Jacob Markstrom          
Backup : Cal Petersen             

Extra Forwards
Normal : Jean-Gabriel Pageau, Milan Lucic, Trevor Lewis - PP : Riley Nash, Milan Lucic - PK : Trevor Lewis
Extra Defensemen
Normal : Mike Green, Scott Mayfield, Deryk Engelland - PP : Mike Green - PK : Scott Mayfield, Deryk Engelland
Penalty Shots
Elias Lindholm, David Perron, Phillip Danault, Craig Smith, Jean-Gabriel Pageau
Custom OT Lines Forwards
Elias Lindholm, David Perron, Phillip Danault, Craig Smith, Jean-Gabriel Pageau, Milan Lucic, Riley Nash, Trevor Lewis, Andrew Poturalski, Jordan Nolan
Custom OT Lines Defensemen
Alexander Edler, Jack Johnson, Deryk Engelland, Nick Leddy, Mike Green

Scratches
Patrik Laine (Healthy), Maxime Lajoie (Healthy)

Avalanche

5 vs 5 Forward 
   Center                   Left Wing                Right Wing               Time % Phy DF OF 
 1 Aleksander Barkov        Johnny Gaudreau          Nikita Kucherov          33     0   2  3  
 2 Sean Couturier           Pavel Buchnevich         Mark Stone               32     0   2  3  
 3 Cedric Paquette          Anthony Duclair          Zack Kassian             27     0   2  3  
 4 Mark Jankowski           Jujhar Khaira            Eric Fehr                8      0   3  2  

5 vs 5 Defense 
   Defense                  Defense                                           Time % Phy DF OF 
 1 Mark Giordano            Mattias Ekholm                                    36     1   2  2  
 2 Jaccob Slavin            Braydon Coburn                                    34     0   3  2  
 3 Calvin de Haan           Robert Bortuzzo                                   22     0   3  2  
 4 Calvin de Haan           Jaccob Slavin                                     8      0   3  2  

PowerPlay Forward 
   Center                   Left Wing                Right Wing               Time % Phy DF OF 
 1 Aleksander Barkov        Johnny Gaudreau          Nikita Kucherov          55     0   2  3  
 2 Sean Couturier           Pavel Buchnevich         Mark Stone               45     0   2  3  

PowerPlay Defense
   Defense                  Defense                                           Time % Phy DF OF 
 1 Mark Giordano            Mattias Ekholm                                    55     0   3  2  
 2 Jaccob Slavin            Calvin de Haan                                    45     0   3  2  

Penalty Kill 4 Players Forward 
   Center                   Wing                     Time % Phy DF OF 
 1 Cedric Paquette          Mark Jankowski           60     0   3  2  
 2 Eric Fehr                Jujhar Khaira            40     0   3  2  

Penalty Kill 4 Players Defense
   Defense                  Defense                  Time % Phy DF OF 
 1 Mark Giordano            Mattias Ekholm           60     0   3  2  
 2 Jaccob Slavin            Braydon Coburn           40     0   3  2  

Penalty Kill - 3 Players Forward 
   Forward                                           Time % Phy DF OF 
 1 Cedric Paquette                                   60     0   4  1  
 2 Eric Fehr                                         40     0   4  1  

Penalty Kill - 3 Players Defense
   Defense                  Defense                  Time % Phy DF OF 
 1 Mark Giordano            Mattias Ekholm           60     0   4  1  
 2 Jaccob Slavin            Braydon Coburn           40     0   4  1  

4 vs 4 Forward 
   Center                   Wing                     Time % Phy DF OF 
 1 Aleksander Barkov        Anthony Duclair          55     0   2  3  
 2 Sean Couturier           Zack Kassian             45     0   2  3  

4 vs 4 Defense
   Defense                  Defense                  Time % Phy DF OF 
 1 Mark Giordano            Mattias Ekholm           55     0   3  2  
 2 Jaccob Slavin            Braydon Coburn           45     0   3  2  

Last Minutes Offensive
   Center                   Left Wing                Right Wing               Defense                  Defense                  
   Aleksander Barkov        Johnny Gaudreau          Nikita Kucherov          Mark Giordano            Mattias Ekholm           

Last Minutes Defensive
   Center                   Left Wing                Right Wing               Defense                  Defense                  
   Cedric Paquette          Mark Jankowski           Eric Fehr                Jaccob Slavin            Calvin de Haan           

Goaltenders
Starting : Henrik Lundqvist         
Backup : Brian Elliott            

Extra Forwards
Normal : Mark Stone, Johnny Gaudreau, Nikita Kucherov - PP : Pavel Buchnevich, Cedric Paquette - PK : Eric Fehr
Extra Defensemen
Normal : Calvin de Haan, Robert Bortuzzo, Jaccob Slavin - PP : Calvin de Haan - PK : Robert Bortuzzo, Jaccob Slavin
Penalty Shots
Aleksander Barkov, Braydon Coburn, Mark Giordano, Calvin de Haan, Nikita Kucherov
Custom OT Lines Forwards
Aleksander Barkov, Nikita Kucherov, Sean Couturier, Mark Stone, Cedric Paquette, Johnny Gaudreau, Mark Jankowski, Pavel Buchnevich, Zack Kassian, Anthony Duclair
Custom OT Lines Defensemen
Mark Giordano, Mattias Ekholm, Jaccob Slavin, Braydon Coburn, Calvin de Haan

Scratches
Michael Hutchinson (Healthy)

% Time on Ice - Ducks

Lines # - Real PCT - Wanted PCT - Time Play
Normal Forward
1 - 34% - 40% - 16:28
2 - 30% - 30% - 14:58
3 - 20% - 20% - 9:47
4 - 16% - 10% - 7:56
Normal Defense
1 - 35% - 35% - 17:09
2 - 35% - 35% - 17:01
3 - 30% - 30% - 14:59
4 - 0% - 0% - 0:00
PP Forward
1 - 62% - 60% - 5:29
2 - 38% - 40% - 3:23
PP Defense
1 - 74% - 60% - 6:36
2 - 26% - 40% - 2:16
PK Forward
1 - 78% - 60% - 1:33
2 - 22% - 40% - 0:26
PK Defense
1 - 71% - 60% - 1:24
2 - 29% - 40% - 0:35
PK3 Forward
1 - 0% - 60%
2 - 0% - 40%
PK3 Defense
1 - 0% - 60%
2 - 0% - 40%
44 Forward
1 - 0% - 60%
2 - 0% - 40%
44 Defense
1 - 0% - 60%
2 - 0% - 40%
Last Minute Offensive  - 0:00
Last Minute Defensive  - 0:00
Total
Forward - 60:00
Defense - 60:00

% Time on Ice - Avalanche

Lines # - Real PCT - Wanted PCT - Time Play
Normal Forward
1 - 30% - 33% - 14:49
2 - 29% - 32% - 14:20
3 - 24% - 27% - 11:35
4 - 17% - 8% - 8:25
Normal Defense
1 - 37% - 36% - 18:02
2 - 33% - 34% - 16:20
3 - 25% - 22% - 12:26
4 - 5% - 8% - 2:21
PP Forward
1 - 53% - 55% - 1:03
2 - 47% - 45% - 0:56
PP Defense
1 - 67% - 55% - 1:20
2 - 33% - 45% - 0:39
PK Forward
1 - 70% - 60% - 6:13
2 - 30% - 40% - 2:39
PK Defense
1 - 65% - 60% - 5:44
2 - 35% - 40% - 3:08
PK3 Forward
1 - 0% - 60%
2 - 0% - 40%
PK3 Defense
1 - 0% - 60%
2 - 0% - 40%
44 Forward
1 - 0% - 55%
2 - 0% - 45%
44 Defense
1 - 0% - 55%
2 - 0% - 45%
Last Minute Offensive  - 0:00
Last Minute Defensive  - 0:00
Total
Forward - 60:00
Defense - 60:00

Play-by-Play

1st period


0:01 of 1st period - Aleksander Barkov wins face-off versus Elias Lindholm in neutral zone.
0:14 of 1st period - Aleksander Barkov is hit by Elias Lindholm and loses puck.
0:46 of 1st period - Cedric Paquette is hit by Jean-Gabriel Pageau and loses puck.
0:53 of 1st period - Mattias Ekholm is hit by Milan Lucic and loses puck.
1:08 of 1st period - Slapshot by Mark Jankowski.
1:08 of 1st period - Deflect By Scott Mayfield.
1:08 of 1st period - Shot Misses the Net.
1:08 of 1st period - Puck is out of play.
1:09 of 1st period - Mark Jankowski wins face-off versus Andrew Poturalski in Ducks zone.
1:22 of 1st period - Snap shot by Jujhar Khaira.
1:22 of 1st period - Shot Misses the Net.
1:44 of 1st period - Snap shot by David Perron.
1:44 of 1st period - Stopped by Henrik Lundqvist with a rebound.
1:46 of 1st period - Slapshot by Scott Mayfield.
1:46 of 1st period - Shot Blocked by Calvin de Haan.
1:48 of 1st period - Wrist shot by Jordan Staal.
1:48 of 1st period - Shot Misses the Net.
3:02 of 1st period - Phillip Danault is hit by Mark Stone and loses puck.
3:12 of 1st period - Icing by Deryk Engelland.
3:13 of 1st period - Phillip Danault wins face-off versus Aleksander Barkov in Ducks zone.
3:22 of 1st period - Slapshot by Nikita Kucherov.
3:22 of 1st period - Shot Misses the Net.
3:24 of 1st period - Slapshot by Mattias Ekholm.
3:24 of 1st period - Shot Misses the Net.
3:28 of 1st period - Snap shot by Aleksander Barkov.
3:28 of 1st period - Stopped by Jacob Markstrom without a rebound.
3:29 of 1st period - Jordan Staal wins face-off versus Zack Kassian in Ducks zone.
3:29 of 1st period - Jordan Staal is hit by Zack Kassian.
3:51 of 1st period - Minor Penalty to Cedric Paquette for Roughing.
3:52 of 1st period - Eric Fehr wins face-off versus Elias Lindholm in Avalanche zone.
3:52 of 1st period - Eric Fehr is hit by Alexander Edler.
5:51 of 1st period - Penalty to Cedric Paquette is over, Cedric Paquette is back on ice.
6:24 of 1st period - Snap shot by Anthony Duclair.
6:24 of 1st period - Shot Misses the Net.
6:26 of 1st period - Slapshot by Calvin de Haan.
6:26 of 1st period - Deflect By Anthony Duclair.
6:26 of 1st period - Stopped by Jacob Markstrom with a rebound.
6:52 of 1st period - Snap shot by Mark Jankowski.
6:52 of 1st period - Goal by Mark Jankowski - Ducks : 0 - Avalanche : 1.
6:53 of 1st period - Jordan Staal wins face-off versus Aleksander Barkov in neutral zone.
7:03 of 1st period - Snap shot by Johnny Gaudreau.
7:03 of 1st period - Shot Misses the Net.
7:05 of 1st period - Slapshot by Jaccob Slavin.
7:05 of 1st period - Shot Blocked by Alexander Edler.
7:07 of 1st period - Slapshot by Jaccob Slavin.
7:07 of 1st period - Stopped by Jacob Markstrom without a rebound.
7:08 of 1st period - Phillip Danault wins face-off versus Sean Couturier in Ducks zone.
7:42 of 1st period - Snap shot by Elias Lindholm.
7:42 of 1st period - Goal by Elias Lindholm - Ducks : 1 - Avalanche : 1.
7:43 of 1st period - Aleksander Barkov wins face-off versus Jordan Staal in neutral zone.
7:56 of 1st period - Snap shot by David Perron.
7:56 of 1st period - Shot Misses the Net.
8:19 of 1st period - Snap shot by Craig Smith.
8:19 of 1st period - Shot Misses the Net.
8:21 of 1st period - Slapshot by Nick Leddy.
8:21 of 1st period - Shot Blocked by Mark Giordano.
8:23 of 1st period - Slapshot by Deryk Engelland.
8:23 of 1st period - Shot Blocked by Zack Kassian.
9:05 of 1st period - Wrist shot by Andrew Poturalski.
9:05 of 1st period - Shot Blocked by Mark Jankowski.
9:07 of 1st period - Slapshot by Mike Green.
9:07 of 1st period - Stopped by Henrik Lundqvist without a rebound.
9:08 of 1st period - Jordan Staal wins face-off versus Aleksander Barkov in Avalanche zone.
9:09 of 1st period - Wrist shot by Elias Lindholm.
9:09 of 1st period - Shot Blocked by Jaccob Slavin.
9:11 of 1st period - Snap shot by David Perron.
9:11 of 1st period - Shot Misses the Net.
9:13 of 1st period - Snap shot by David Perron.
9:13 of 1st period - Shot Misses the Net.
9:15 of 1st period - Slapshot by Alexander Edler.
9:15 of 1st period - Shot Misses the Net.
9:26 of 1st period - Minor Penalty to Nikita Kucherov for Hooking.
9:27 of 1st period - Jordan Staal wins face-off versus Cedric Paquette in Avalanche zone.
9:27 of 1st period - Snap shot by Elias Lindholm.
9:27 of 1st period - Stopped by Henrik Lundqvist without a rebound.
9:28 of 1st period - Jordan Staal wins face-off versus Cedric Paquette in Avalanche zone.
10:29 of 1st period - Wrist shot by Elias Lindholm.
10:29 of 1st period - Goal by Elias Lindholm - Ducks : 2 - Avalanche : 1.
10:30 of 1st period - Jordan Staal wins face-off versus Sean Couturier in neutral zone.
10:33 of 1st period - Snap shot by David Perron.
10:33 of 1st period - Stopped by Henrik Lundqvist with a rebound.
10:39 of 1st period - Slapshot by Pavel Buchnevich.
10:39 of 1st period - Deflect By Sean Couturier.
10:39 of 1st period - Stopped by Jacob Markstrom without a rebound.
10:40 of 1st period - Sean Couturier wins face-off versus Jordan Staal in Ducks zone.
10:45 of 1st period - Wrist shot by Pavel Buchnevich.
10:45 of 1st period - Shot Misses the Net.
10:47 of 1st period - Snap shot by Mark Stone.
10:47 of 1st period - Stopped by Jacob Markstrom without a rebound.
10:48 of 1st period - Cedric Paquette wins face-off versus Jordan Staal in Ducks zone.
11:13 of 1st period - Aleksander Barkov is hit by Tom Wilson.
11:27 of 1st period - Jaccob Slavin is hit by Tom Wilson and loses puck.
11:50 of 1st period - Backhand shot by Sean Couturier.
11:50 of 1st period - Stopped by Jacob Markstrom without a rebound.
11:51 of 1st period - Cedric Paquette wins face-off versus Jordan Staal in Ducks zone.
12:27 of 1st period - Snap shot by Aleksander Barkov.
12:27 of 1st period - Shot Misses the Net.
12:47 of 1st period - Snap shot by Sean Couturier.
12:47 of 1st period - Shot Misses the Net.
13:03 of 1st period - Slapshot by David Perron.
13:03 of 1st period - Shot Misses the Net.
13:16 of 1st period - Slapshot by Sean Couturier.
13:16 of 1st period - Stopped by Jacob Markstrom without a rebound.
13:17 of 1st period - Phillip Danault wins face-off versus Cedric Paquette in Ducks zone.
13:30 of 1st period - Tom Wilson is hit by Zack Kassian.
13:44 of 1st period - Off-side.
13:45 of 1st period - Aleksander Barkov wins face-off versus Jordan Staal in neutral zone.
13:54 of 1st period - Backhand shot by Aleksander Barkov.
13:54 of 1st period - Deflect By Johnny Gaudreau.
13:54 of 1st period - Stopped by Jacob Markstrom with a rebound.
13:56 of 1st period - Snap shot by Johnny Gaudreau.
13:56 of 1st period - Stopped by Jacob Markstrom with a rebound.
13:58 of 1st period - Slapshot by Jaccob Slavin.
13:58 of 1st period - Deflect By Johnny Gaudreau.
13:58 of 1st period - Stopped by Jacob Markstrom without a rebound.
13:59 of 1st period - Aleksander Barkov wins face-off versus Phillip Danault in Ducks zone.
14:02 of 1st period - Slapshot by Aleksander Barkov.
14:02 of 1st period - Stopped by Jacob Markstrom with a rebound.
14:04 of 1st period - Snap shot by Nikita Kucherov.
14:04 of 1st period - Shot Misses the Net.
14:06 of 1st period - Snap shot by Aleksander Barkov.
14:06 of 1st period - Shot Blocked by Alexander Edler.
14:08 of 1st period - Slapshot by Mattias Ekholm.
14:08 of 1st period - Shot Misses the Net.
14:26 of 1st period - Cedric Paquette is hit by Elias Lindholm and loses puck.
14:37 of 1st period - Snap shot by David Perron.
14:37 of 1st period - Stopped by Henrik Lundqvist with a rebound.
15:13 of 1st period - Snap shot by Jaccob Slavin.
15:13 of 1st period - Stopped by Jacob Markstrom without a rebound.
15:14 of 1st period - Jordan Staal wins face-off versus Mark Jankowski in Ducks zone.
15:40 of 1st period - Mark Jankowski is hit by Tom Wilson and loses puck.
16:33 of 1st period - Slapshot by Elias Lindholm.
16:33 of 1st period - Shot Blocked by Aleksander Barkov.
16:35 of 1st period - Wrist shot by Jordan Staal.
16:35 of 1st period - Deflect By Elias Lindholm.
16:35 of 1st period - Shot Misses the Net.
16:35 of 1st period - Puck is out of play.
16:36 of 1st period - Phillip Danault wins face-off versus Cedric Paquette in Avalanche zone.
16:53 of 1st period - Zack Kassian is hit by Tom Wilson and loses puck.
17:32 of 1st period - Slapshot by Elias Lindholm.
17:32 of 1st period - Stopped by Henrik Lundqvist with a rebound.
17:34 of 1st period - Wrist shot by Jordan Staal.
17:34 of 1st period - Shot Misses the Net.
18:02 of 1st period - Icing by Mark Giordano.
18:03 of 1st period - Aleksander Barkov wins face-off versus Phillip Danault in Avalanche zone.
18:12 of 1st period - Snap shot by Mark Stone.
18:12 of 1st period - Stopped by Jacob Markstrom with a rebound.
18:14 of 1st period - Slapshot by Mark Giordano.
18:14 of 1st period - Stopped by Jacob Markstrom without a rebound.
18:15 of 1st period - Jordan Staal wins face-off versus Aleksander Barkov in Ducks zone.
18:52 of 1st period - Wrist shot by Craig Smith.
18:52 of 1st period - Deflect By Sean Couturier.
18:52 of 1st period - Stopped by Henrik Lundqvist without a rebound.
18:52 of 1st period - Minor Penalty to Henrik Lundqvist for Slashing.
18:53 of 1st period - Cedric Paquette wins face-off versus Jordan Staal in Avalanche zone.
Goals for this period are 2 for Ducks vs 1 for Avalanche.
Shots for this period are 9 for Ducks vs 15 for Avalanche.

2nd period


0:01 of 2nd period - Mark Jankowski wins face-off versus Jordan Staal in neutral zone.
0:06 of 2nd period - Wrist shot by Elias Lindholm.
0:06 of 2nd period - Stopped by Henrik Lundqvist without a rebound.
0:07 of 2nd period - Jordan Staal wins face-off versus Cedric Paquette in Avalanche zone.
0:52 of 2nd period - Penalty to Mark Stone is over, Mark Stone is back on ice.
1:08 of 2nd period - Wrist shot by Jordan Staal.
1:08 of 2nd period - Shot Misses the Net.
1:10 of 2nd period - Slapshot by Alexander Edler.
1:10 of 2nd period - Shot Misses the Net.
1:12 of 2nd period - Snap shot by Elias Lindholm.
1:12 of 2nd period - Shot Misses the Net.
1:14 of 2nd period - Wrist shot by Elias Lindholm.
1:14 of 2nd period - Stopped by Henrik Lundqvist with a rebound.
1:16 of 2nd period - Snap shot by Elias Lindholm.
1:16 of 2nd period - Goal by Elias Lindholm - Ducks : 3 - Avalanche : 1.
1:17 of 2nd period - Sean Couturier wins face-off versus Phillip Danault in neutral zone.
1:26 of 2nd period - Snap shot by Sean Couturier.
1:26 of 2nd period - Stopped by Jacob Markstrom with a rebound.
1:44 of 2nd period - Robert Bortuzzo is hit by Milan Lucic and loses puck.
2:41 of 2nd period - Slapshot by Sean Couturier.
2:41 of 2nd period - Stopped by Jacob Markstrom with a rebound.
2:53 of 2nd period - Snap shot by Andrew Poturalski.
2:53 of 2nd period - Stopped by Henrik Lundqvist without a rebound.
2:54 of 2nd period - Phillip Danault wins face-off versus Mark Jankowski in Avalanche zone.
3:20 of 2nd period - Phillip Danault is hit by Jujhar Khaira and loses puck.
3:35 of 2nd period - Wrist shot by Craig Smith.
3:35 of 2nd period - Shot Blocked by Eric Fehr.
3:53 of 2nd period - Snap shot by Jujhar Khaira.
3:53 of 2nd period - Shot Misses the Net.
3:55 of 2nd period - Slapshot by Mattias Ekholm.
3:55 of 2nd period - Shot Misses the Net.
3:57 of 2nd period - Snap shot by Jujhar Khaira.
3:57 of 2nd period - Shot Blocked by Tom Wilson.
3:59 of 2nd period - Slapshot by Mark Jankowski.
3:59 of 2nd period - Deflect By Jujhar Khaira.
3:59 of 2nd period - Shot Blocked by Deryk Engelland.
3:59 of 2nd period - Puck is out of play.
4:00 of 2nd period - Jordan Staal wins face-off versus Mark Stone in Ducks zone.
4:05 of 2nd period - Jaccob Slavin is hit by David Perron and loses puck.
4:49 of 2nd period - Snap shot by Andrew Poturalski.
4:49 of 2nd period - Shot Misses the Net.
4:51 of 2nd period - Wrist shot by Scott Mayfield.
4:51 of 2nd period - Deflect By Trevor Lewis.
4:51 of 2nd period - Stopped by Henrik Lundqvist without a rebound.
4:52 of 2nd period - Aleksander Barkov wins face-off versus Elias Lindholm in Avalanche zone.
6:10 of 2nd period - Snap shot by Mark Jankowski.
6:10 of 2nd period - Goal by Mark Jankowski - Ducks : 3 - Avalanche : 2.
6:11 of 2nd period - Jordan Staal wins face-off versus Pavel Buchnevich in neutral zone.
6:38 of 2nd period - Zack Kassian is hit by Phillip Danault and loses puck.
7:26 of 2nd period - Minor Penalty to Scott Mayfield for Hooking.
7:27 of 2nd period - Trevor Lewis wins face-off versus Aleksander Barkov in Ducks zone.
8:01 of 2nd period - Snap shot by Pavel Buchnevich.
8:01 of 2nd period - Shot Blocked by Jack Johnson.
8:03 of 2nd period - Snap shot by Sean Couturier.
8:03 of 2nd period - Stopped by Jacob Markstrom with a rebound.
8:21 of 2nd period - Mark Stone is hit by Riley Nash and loses puck.
9:26 of 2nd period - Penalty to Scott Mayfield is over, Scott Mayfield is back on ice.
9:40 of 2nd period - Snap shot by Jean-Gabriel Pageau.
9:40 of 2nd period - Shot Misses the Net.
10:27 of 2nd period - Snap shot by Andrew Poturalski.
10:27 of 2nd period - Shot Misses the Net.
10:41 of 2nd period - Aleksander Barkov is hit by David Perron and loses puck.
10:54 of 2nd period - Eric Fehr is hit by Phillip Danault and loses puck.
12:31 of 2nd period - Nick Leddy is hit by Braydon Coburn and loses puck.
12:44 of 2nd period - Robert Bortuzzo is hit by Jean-Gabriel Pageau and loses puck.
12:45 of 2nd period - Robert Bortuzzo from Avalanche is injured at 12:45 of 2nd period (Herniated Disc).
12:46 of 2nd period - Sean Couturier wins face-off versus Jordan Staal in Avalanche zone.
13:01 of 2nd period - Snap shot by Jordan Staal.
13:01 of 2nd period - Shot Misses the Net.
13:03 of 2nd period - Wrist shot by Elias Lindholm.
13:03 of 2nd period - Shot Misses the Net.
13:13 of 2nd period - Craig Smith is hit by Mark Giordano and loses puck.
13:36 of 2nd period - Snap shot by Cedric Paquette.
13:36 of 2nd period - Stopped by Jacob Markstrom with a rebound.
13:38 of 2nd period - Slapshot by Mattias Ekholm.
13:38 of 2nd period - Stopped by Jacob Markstrom with a rebound.
13:40 of 2nd period - Slapshot by Mattias Ekholm.
13:40 of 2nd period - Shot Misses the Net.
13:52 of 2nd period - Wrist shot by Sean Couturier.
13:52 of 2nd period - Stopped by Jacob Markstrom with a rebound.
13:54 of 2nd period - Slapshot by Jaccob Slavin.
13:54 of 2nd period - Shot Misses the Net.
14:18 of 2nd period - Snap shot by Jordan Staal.
14:18 of 2nd period - Shot Misses the Net.
14:20 of 2nd period - Snap shot by Jordan Staal.
14:20 of 2nd period - Shot Misses the Net.
14:22 of 2nd period - Snap shot by David Perron.
14:22 of 2nd period - Shot Blocked by Calvin de Haan.
14:34 of 2nd period - Jack Johnson is hit by Calvin de Haan and loses puck.
14:43 of 2nd period - Backhand shot by Johnny Gaudreau.
14:43 of 2nd period - Shot Blocked by Tom Wilson.
15:06 of 2nd period - Snap shot by Phillip Danault.
15:06 of 2nd period - Deflect By Craig Smith.
15:06 of 2nd period - Shot Blocked by Mattias Ekholm.
15:06 of 2nd period - Puck is out of play.
15:07 of 2nd period - Cedric Paquette wins face-off versus Jordan Staal in Avalanche zone.
15:20 of 2nd period - Snap shot by Elias Lindholm.
15:20 of 2nd period - Deflect By Braydon Coburn.
15:20 of 2nd period - Shot Misses the Net.
15:20 of 2nd period - Puck is out of play.
15:21 of 2nd period - Jordan Staal wins face-off versus Aleksander Barkov in Avalanche zone.
15:26 of 2nd period - Snap shot by Jordan Staal.
15:26 of 2nd period - Shot Misses the Net.
16:12 of 2nd period - Slapshot by Mark Giordano.
16:12 of 2nd period - Deflect By Jean-Gabriel Pageau.
16:12 of 2nd period - Stopped by Jacob Markstrom without a rebound.
16:13 of 2nd period - Cedric Paquette wins face-off versus Jean-Gabriel Pageau in Ducks zone.
16:20 of 2nd period - Snap shot by Zack Kassian.
16:20 of 2nd period - Deflect By Anthony Duclair.
16:20 of 2nd period - Stopped by Jacob Markstrom with a rebound.
16:22 of 2nd period - Snap shot by Jaccob Slavin.
16:22 of 2nd period - Stopped by Jacob Markstrom without a rebound.
16:23 of 2nd period - Sean Couturier wins face-off versus Jordan Staal in Ducks zone.
16:36 of 2nd period - Snap shot by Sean Couturier.
16:36 of 2nd period - Deflect By Pavel Buchnevich.
16:36 of 2nd period - Stopped by Jacob Markstrom with a rebound.
17:12 of 2nd period - Snap shot by Milan Lucic.
17:12 of 2nd period - Deflect By Jean-Gabriel Pageau.
17:12 of 2nd period - Shot Blocked by Zack Kassian.
17:12 of 2nd period - Puck is out of play.
17:13 of 2nd period - Anthony Duclair wins face-off versus Jean-Gabriel Pageau in Avalanche zone.
17:24 of 2nd period - Slapshot by Jean-Gabriel Pageau.
17:24 of 2nd period - Stopped by Henrik Lundqvist with a rebound.
17:26 of 2nd period - Slapshot by Mike Green.
17:26 of 2nd period - Stopped by Henrik Lundqvist with a rebound.
17:28 of 2nd period - Wrist shot by Jean-Gabriel Pageau.
17:28 of 2nd period - Shot Misses the Net.
17:35 of 2nd period - Icing by Zack Kassian.
17:36 of 2nd period - Cedric Paquette wins face-off versus Jordan Staal in Avalanche zone.
17:36 of 2nd period - Cedric Paquette is hit by Elias Lindholm.
18:04 of 2nd period - Tom Wilson is hit by Aleksander Barkov and loses puck.
18:29 of 2nd period - Wrist shot by Zack Kassian.
18:29 of 2nd period - Shot Blocked by Jack Johnson.
19:27 of 2nd period - Backhand shot by Nick Leddy.
19:27 of 2nd period - Shot Blocked by Braydon Coburn.
19:29 of 2nd period - Slapshot by Nick Leddy.
19:29 of 2nd period - Shot Misses the Net.
19:31 of 2nd period - Wrist shot by Tom Wilson.
19:31 of 2nd period - Stopped by Henrik Lundqvist without a rebound.
19:32 of 2nd period - Phillip Danault wins face-off versus Aleksander Barkov in Avalanche zone.
19:57 of 2nd period - Minor Penalty to Mattias Ekholm for Holding.
19:58 of 2nd period - Cedric Paquette wins face-off versus Jordan Staal in Avalanche zone.
19:58 of 2nd period - Cedric Paquette is hit by Alexander Edler.
Goals for this period are 1 for Ducks vs 1 for Avalanche.
Shots for this period are 8 for Ducks vs 11 for Avalanche.

3rd period


0:01 of 3rd period - Jordan Staal wins face-off versus Cedric Paquette in neutral zone.
0:04 of 3rd period - Wrist shot by Jordan Staal.
0:04 of 3rd period - Shot Misses the Net.
0:06 of 3rd period - Slapshot by Jack Johnson.
0:06 of 3rd period - Deflect By Elias Lindholm.
0:06 of 3rd period - Shot Misses the Net.
0:06 of 3rd period - Puck is out of play.
0:07 of 3rd period - Cedric Paquette wins face-off versus Jordan Staal in Avalanche zone.
0:14 of 3rd period - Snap shot by Jordan Staal.
0:14 of 3rd period - Shot Misses the Net.
0:16 of 3rd period - Snap shot by David Perron.
0:16 of 3rd period - Shot Misses the Net.
1:57 of 3rd period - Penalty to Mattias Ekholm is over, Mattias Ekholm is back on ice.
2:09 of 3rd period - Wrist shot by Trevor Lewis.
2:09 of 3rd period - Stopped by Henrik Lundqvist without a rebound.
2:10 of 3rd period - Aleksander Barkov wins face-off versus Trevor Lewis in Avalanche zone.
2:15 of 3rd period - Slapshot by Aleksander Barkov.
2:15 of 3rd period - Shot Blocked by Mike Green.
3:15 of 3rd period - Anthony Duclair is hit by Phillip Danault and loses puck.
3:31 of 3rd period - Snap shot by Tom Wilson.
3:31 of 3rd period - Stopped by Henrik Lundqvist without a rebound.
3:32 of 3rd period - Aleksander Barkov wins face-off versus Jordan Staal in Avalanche zone.
3:37 of 3rd period - Snap shot by Johnny Gaudreau.
3:37 of 3rd period - Shot Blocked by Alexander Edler.
3:39 of 3rd period - Snap shot by Nikita Kucherov.
3:39 of 3rd period - Shot Misses the Net.
3:41 of 3rd period - Snap shot by Nikita Kucherov.
3:41 of 3rd period - Stopped by Jacob Markstrom without a rebound.
3:42 of 3rd period - Aleksander Barkov wins face-off versus Jordan Staal in Ducks zone.
3:49 of 3rd period - Slapshot by Johnny Gaudreau.
3:49 of 3rd period - Shot Blocked by David Perron.
3:51 of 3rd period - Snap shot by Aleksander Barkov.
3:51 of 3rd period - Shot Blocked by Deryk Engelland.
4:42 of 3rd period - Wrist shot by Aleksander Barkov.
4:42 of 3rd period - Shot Hit the Post.
4:44 of 3rd period - Slapshot by Braydon Coburn.
4:44 of 3rd period - Stopped by Jacob Markstrom with a rebound.
4:50 of 3rd period - Snap shot by Nikita Kucherov.
4:50 of 3rd period - Shot Misses the Net.
4:52 of 3rd period - Slapshot by Braydon Coburn.
4:52 of 3rd period - Deflect By Nikita Kucherov.
4:52 of 3rd period - Shot Misses the Net.
4:52 of 3rd period - Puck is out of play.
4:53 of 3rd period - Phillip Danault wins face-off versus Sean Couturier in Ducks zone.
5:27 of 3rd period - Snap shot by Anthony Duclair.
5:27 of 3rd period - Shot Blocked by Alexander Edler.
5:29 of 3rd period - Slapshot by Cedric Paquette.
5:29 of 3rd period - Shot Blocked by Jean-Gabriel Pageau.
5:39 of 3rd period - Jujhar Khaira is hit by Trevor Lewis.
5:47 of 3rd period - Wrist shot by Andrew Poturalski.
5:47 of 3rd period - Stopped by Henrik Lundqvist with a rebound.
5:49 of 3rd period - Wrist shot by Jordan Nolan.
5:49 of 3rd period - Stopped by Henrik Lundqvist with a rebound.
7:28 of 3rd period - Slapshot by Nick Leddy.
7:28 of 3rd period - Shot Misses the Net.
8:08 of 3rd period - Mike Green is hit by Jaccob Slavin and loses puck.
8:26 of 3rd period - Craig Smith is hit by Sean Couturier and loses puck.
8:43 of 3rd period - Wrist shot by Trevor Lewis.
8:43 of 3rd period - Goal by Trevor Lewis - Ducks : 4 - Avalanche : 2.
8:44 of 3rd period - Jordan Staal wins face-off versus Sean Couturier in neutral zone.
8:58 of 3rd period - Snap shot by Mark Stone.
8:58 of 3rd period - Stopped by Jacob Markstrom with a rebound.
9:00 of 3rd period - Snap shot by Jaccob Slavin.
9:00 of 3rd period - Stopped by Jacob Markstrom without a rebound.
9:01 of 3rd period - Aleksander Barkov wins face-off versus Phillip Danault in Ducks zone.
9:11 of 3rd period - Minor Penalty to Jaccob Slavin for Goalie Interference.
9:12 of 3rd period - Jordan Staal wins face-off versus Cedric Paquette in Avalanche zone.
10:12 of 3rd period - Eric Fehr is hit by Tom Wilson and loses puck.
11:03 of 3rd period - Slapshot by Nick Leddy.
11:03 of 3rd period - Goal by Nick Leddy - Ducks : 5 - Avalanche : 2.
11:04 of 3rd period - Phillip Danault wins face-off versus Sean Couturier in neutral zone.
12:14 of 3rd period - Slapshot by Phillip Danault.
12:14 of 3rd period - Stopped by Henrik Lundqvist with a rebound.
12:34 of 3rd period - Deryk Engelland is hit by Calvin de Haan and loses puck.
12:49 of 3rd period - Mark Stone is hit by Jordan Staal and loses puck.
13:26 of 3rd period - Anthony Duclair is hit by Scott Mayfield and loses puck.
13:31 of 3rd period - Slapshot by Nick Leddy.
13:31 of 3rd period - Deflect By Anthony Duclair.
13:31 of 3rd period - Stopped by Henrik Lundqvist without a rebound.
13:32 of 3rd period - Jordan Staal wins face-off versus Aleksander Barkov in Avalanche zone.
13:45 of 3rd period - Slapshot by Aleksander Barkov.
13:45 of 3rd period - Goal by Aleksander Barkov - Ducks : 5 - Avalanche : 3.
13:46 of 3rd period - Sean Couturier wins face-off versus Jordan Staal in neutral zone.
13:49 of 3rd period - Wrist shot by Pavel Buchnevich.
13:49 of 3rd period - Deflect By Mark Stone.
13:49 of 3rd period - Stopped by Jacob Markstrom with a rebound.
13:51 of 3rd period - Slapshot by Mattias Ekholm.
13:51 of 3rd period - Shot Blocked by Alexander Edler.
13:53 of 3rd period - Wrist shot by Sean Couturier.
13:53 of 3rd period - Stopped by Jacob Markstrom without a rebound.
13:54 of 3rd period - Jordan Staal wins face-off versus Sean Couturier in Ducks zone.
14:05 of 3rd period - Snap shot by Sean Couturier.
14:05 of 3rd period - Stopped by Jacob Markstrom without a rebound.
14:06 of 3rd period - Aleksander Barkov wins face-off versus Jordan Staal in Ducks zone.
14:09 of 3rd period - Slapshot by Nikita Kucherov.
14:09 of 3rd period - Deflect By Elias Lindholm.
14:09 of 3rd period - Shot Misses the Net.
14:09 of 3rd period - Puck is out of play.
14:10 of 3rd period - Aleksander Barkov wins face-off versus Jordan Staal in Ducks zone.
14:39 of 3rd period - Slapshot by Jean-Gabriel Pageau.
14:39 of 3rd period - Shot Blocked by Aleksander Barkov.
14:41 of 3rd period - Slapshot by Riley Nash.
14:41 of 3rd period - Ducks goal is going for a video replay.
14:41 of 3rd period - The goal is good.
14:41 of 3rd period - Goal by Riley Nash - Ducks : 6 - Avalanche : 3.
14:42 of 3rd period - Jordan Staal wins face-off versus Cedric Paquette in neutral zone.
14:52 of 3rd period - Slapshot by Jack Johnson.
14:52 of 3rd period - Deflect By Elias Lindholm.
14:52 of 3rd period - Shot Misses the Net.
14:52 of 3rd period - Puck is out of play.
14:53 of 3rd period - Sean Couturier wins face-off versus Jordan Staal in Avalanche zone.
14:53 of 3rd period - Sean Couturier is hit by David Perron.
15:08 of 3rd period - Wrist shot by David Perron.
15:08 of 3rd period - Shot Misses the Net.
15:10 of 3rd period - Wrist shot by David Perron.
15:10 of 3rd period - Shot Misses the Net.
15:20 of 3rd period - Jack Johnson is hit by Zack Kassian and loses puck.
16:43 of 3rd period - Backhand shot by Mike Green.
16:43 of 3rd period - Stopped by Henrik Lundqvist without a rebound.
16:44 of 3rd period - Phillip Danault wins face-off versus Cedric Paquette in Avalanche zone.
16:51 of 3rd period - Backhand shot by Phillip Danault.
16:51 of 3rd period - Shot Blocked by Zack Kassian.
16:53 of 3rd period - Slapshot by Jack Johnson.
16:53 of 3rd period - Deflect By Tom Wilson.
16:53 of 3rd period - Stopped by Henrik Lundqvist without a rebound.
16:54 of 3rd period - Sean Couturier wins face-off versus Jordan Staal in Avalanche zone.
16:54 of 3rd period - Sean Couturier is hit by David Perron.
17:04 of 3rd period - Jack Johnson is hit by Jaccob Slavin and loses puck.
17:29 of 3rd period - Nikita Kucherov is hit by Jack Johnson.
18:09 of 3rd period - Icing by Deryk Engelland.
18:10 of 3rd period - Mark Jankowski wins face-off versus Andrew Poturalski in Ducks zone.
18:17 of 3rd period - Deryk Engelland is hit by Jujhar Khaira.
18:36 of 3rd period - Snap shot by Eric Fehr.
18:36 of 3rd period - Shot Blocked by Deryk Engelland.
18:38 of 3rd period - Slapshot by Braydon Coburn.
18:38 of 3rd period - Stopped by Jacob Markstrom without a rebound.
18:39 of 3rd period - Jordan Staal wins face-off versus Pavel Buchnevich in Ducks zone.
18:48 of 3rd period - Snap shot by Mark Stone.
18:48 of 3rd period - Shot Misses the Net.
19:11 of 3rd period - Mike Green is hit by Nikita Kucherov and loses puck.
19:26 of 3rd period - Slapshot by Mark Giordano.
19:26 of 3rd period - Stopped by Jacob Markstrom with a rebound.
19:45 of 3rd period - Off-side.
19:46 of 3rd period - Mark Jankowski wins face-off versus Andrew Poturalski in neutral zone.
19:51 of 3rd period - Backhand shot by Mark Jankowski.
19:51 of 3rd period - Stopped by Jacob Markstrom without a rebound.
19:52 of 3rd period - Andrew Poturalski wins face-off versus Sean Couturier in Ducks zone.
19:57 of 3rd period - Slapshot by Alexander Edler.
19:57 of 3rd period - Stopped by Henrik Lundqvist without a rebound.
19:58 of 3rd period - Sean Couturier wins face-off versus Jordan Staal in Avalanche zone.
Goals for this period are 3 for Ducks vs 1 for Avalanche.
Shots for this period are 12 for Ducks vs 11 for Avalanche.